 Dungeon Crawl Stone Soup version 0.30.0-30-g96aa6591b8 (webtiles) character file.

Game seed: 1268411428687064074

1142 Ayven the Fighter (level 8, -12/79 HPs)
             Began as a Minotaur Hunter on June 30, 2023.
             Was an Initiate of Gozag.
             Hit by a large rock thrown by a cyclops (45 damage)
             ... on level 7 of the Dungeon.
             The game lasted 00:28:30 (6522 turns).

Ayven the Fighter (Minotaur Hunter)                 Turns: 6522, Time: 00:28:31

Health: -12/79     AC:  4    Str: 16    XL:     8   Next: 15%
Magic:  7/7        EV: 12    Int:  6    God:    Gozag
Gold:   655        SH:  0    Dex: 16    Spells: 7/7 levels left

rFire   . . .        a - +0 shortbow
rCold   . . .        (shield currently unavailable)
rNeg    . . .        c - +0 leather armour
rPois   .            (helmet restricted)
rElec   .            h - +0 cloak
rCorr   .            (no gloves)
SInv    +            (no boots)
Will    .....        C - amulet of faith
Stlth   +            B - ring of see invisible
HPRegen 0.33/turn    (no ring)
MPRegen 0.10/turn

%: faith
@: no status effects
A: horns 2, retaliatory headbutt
a: Renounce Religion, Potion Petition, Call Merchant, Bribe Branch


You were on level 7 of the Dungeon.
You worshipped Gozag.
Gozag was pleased with you.
You visited 1 branch of the dungeon, and saw 7 of its levels.
You also visited: Ossuary.

You collected 855 gold pieces.
You spent 200 gold pieces at shops.

Inventory:

Hand Weapons
 a - a +0 shortbow (weapon)
Armour
 c - a +0 leather armour (worn)
 h - a +0 cloak (worn)
 m - an orb of wrath
Jewellery
 B - a ring of see invisible (left hand)
 C - an amulet of faith (around neck)
Wands
 y - a wand of iceblast (11)
Scrolls
 d - 2 scrolls of noise
 e - 3 scrolls of poison
 g - a scroll of blinking
 i - 3 scrolls of magic mapping
 l - 2 scrolls of amnesia
 q - a scroll of vulnerability
 r - 2 scrolls of enchant weapon {unknown}
 w - a scroll of immolation
 x - a scroll of fear {unknown}
 z - a scroll of identify
 A - a scroll of brand weapon {unknown}
Potions
 b - a potion of curing
 f - a potion of degeneration {unknown}
 j - a potion of resistance {unknown}
 k - a potion of flight {unknown}
 n - a potion of lignification {unknown}
 o - a potion of magic {unknown}
 p - a potion of haste
 s - 4 potions of might
 t - a potion of ambrosia {unknown}
 u - a potion of cancellation {unknown}
 v - a potion of attraction {unknown}


   Skills:
 * Level 9.8 Fighting
 + Level 7.5 Ranged Weapons
 - Level 2.1 Dodging
 - Level 0.7 Stealth


You had 7 spell levels left.
You didn't know any spells.
Your spell library contained the following spells:

 Spells                   Type           Power      Damage    Failure   Level
 Sublimation of Blood     Necr           0%         N/A       67%         2
 Wereblood                Tmut           0%         N/A       67%         2
 Summon Hydra             Summ           0%         N/A       100%        7


Dungeon Overview and Level Annotations

Branches:
Dungeon (7/15)             Temple (0/1) D:6         Ossuary (visited)

Altars:
Elyvilon
Gozag
Nemelex Xobeh
Sif Muna
Vehumet
Xom

Shops:
D:1 [   D:4 ![(


Innate Abilities, Weirdness & Mutations

You have a pair of horns on your head.
You reflexively headbutt those who attack you in melee.


Message History

Fire: a) +0 shortbow
Press: ? - help, Q - select action, (/) - cycle Shift-Dir - straight line, f/p - howler monkey
Aim: a howler monkey (heavily wounded, 64% to hit)
You shoot an arrow.
The arrow closely misses the howler monkey.
The howler monkey hoots and howls with incredible vigour!
Fire: a) +0 shortbow
Press: ? - help, Q - select action, (/) - cycle Shift-Dir - straight line, f/p - howler monkey
Aim: a howler monkey (heavily wounded, catching its breath, 64% to hit)
You shoot an arrow. The arrow hits the howler monkey.
The howler monkey is almost dead.
Fire: a) +0 shortbow
Press: ? - help, Q - select action, (/) - cycle Shift-Dir - straight line, f - cyclops, p - howler monkey
Aim: a cyclops, quivering large rocks (heavily wounded, 88% to hit)
You shoot an arrow. The arrow barely misses the cyclops.
The howler monkey hoots and howls with incredible vigour!
You hear an angry hiss.
Fire: a) +0 shortbow
Press: ? - help, Q - select action, (/) - cycle Shift-Dir - straight line, f - howler monkey, p - cyclops
Aim: a howler monkey (almost dead, catching its breath, 64% to hit)
You shoot an arrow. The arrow hits the howler monkey!
You kill the howler monkey!
The cyclops throws a large rock.
The large rock closely misses you.
Fire: a) +0 shortbow
Press: ? - help, Q - select action, (/) - cycle Shift-Dir - straight line, f - cyclops
Aim: a cyclops, quivering large rocks (heavily wounded, 88% to hit)
You shoot an arrow. The arrow hits the cyclops.
The cyclops is heavily wounded.
Fire: a) +0 shortbow
Press: ? - help, Q - select action, (/) - cycle Shift-Dir - straight line, f/p - cyclops
Aim: a cyclops, quivering large rocks (heavily wounded, 88% to hit)
You shoot an arrow. The arrow hits the cyclops!
The cyclops is severely wounded.
You shoot an arrow. The arrow hits the cyclops.
The cyclops is severely wounded.
The cyclops hits you!!
The cyclops throws a large rock.
The large rock hits you!!!
Ouch! That really hurt!
You die...
Your body crumbles into a pile of gold.

.# #. . # .##
..#. ####..
...###....
#.......# $
#.....#
#...@##
#.....#
##.##..#.....
#.## #......
. ##C# .....
#..##..#
#...#
#.....## ..##
#..###..##
..# ...
##..###.##


You could see a cyclops.

Vanquished Creatures
  Sigmund (D:2)
  A phantom (D:4)
  2 scorpions (D:5)
  5 wights
  A howler monkey (D:7)
  A crimson imp (D:4)
  A centaur zombie (Ossuary)
  A jelly (D:7)
  An orc priest (D:7)
  Crazy Yiuf (D:2)
  2 iguanas (D:5)
  Ijyb (D:5)
  Terence (D:3)
  2 orc wizards
  2 mummies (Ossuary)
  6 adders
  2 white imps
  2 adder zombies (Ossuary)
  A worm (D:4)
  5 orcs
  9 ball pythons
  4 bats
  6 endoplasms
  5 giant cockroaches
  8 goblins
  6 hobgoblins
  8 jackals
  2 quokkas
  3 goblin zombies (Ossuary)
  10 hobgoblin zombies (Ossuary)
  A jackal zombie (Ossuary)
  5 kobolds
  9 kobold zombies (Ossuary)
  9 orc zombies (Ossuary)
  5 rats
  2 rat zombies (Ossuary)
131 creatures vanquished.

Notes
Turn   | Place    | Note
-------+----------+-------------------------------------------
     0 | D:1      | Ayven the Minotaur Hunter began the quest for the Orb.
     0 | D:1      | Reached XP level 1. HP: 18/18 MP: 0/0
     1 | D:1      | Noticed a large abomination
     4 | D:1      | Noticed a shadow dragon
     4 | D:1      | Noticed an iron dragon
     6 | D:1      | Noticed a tentacled monstrosity
     7 | D:1      | Noticed an iron dragon
     8 | D:1      | Noticed an ice dragon
    11 | D:1      | Noticed a large abomination
    11 | D:1      | Noticed a golden dragon
    13 | D:1      | Noticed a shadow dragon
    13 | D:1      | Noticed an ice dragon
    15 | D:1      | Noticed a shadow dragon
    15 | D:1      | Noticed a shadow dragon
    17 | D:1      | Noticed a golden dragon
    17 | D:1      | Noticed an orb of fire
    19 | D:1      | Noticed an iron dragon
    21 | D:1      | Noticed a green draconian
   171 | D:1      | Found Coesoam's Antique Armour Emporium.
   179 | D:1      | Reached skill level 3 in Fighting
   284 | D:1      | Found a faded altar of an unknown god.
   291 | D:1      | Prayed at the altar of an unknown god.
   291 | D:1      | Became a worshipper of Gozag Ym Sagoz the Greedy
   310 | D:1      | Reached XP level 2. HP: 26/26 MP: 1/1
   713 | D:3      | Reached XP level 3. HP: 33/33 MP: 2/2
   761 | D:3      | Reached skill level 4 in Fighting
   761 | D:3      | Reached skill level 5 in Ranged Weapons
   806 | D:3      | Found a radiant altar of Vehumet.
   806 | D:3      | Found a shimmering blue altar of Sif Muna.
  1098 | D:4      | Reached XP level 4. HP: 41/41 MP: 3/3
  1141 | D:4      | Found a sand-covered staircase.
  1145 | Ossuary  | Entered an ossuary
  1414 | Ossuary  | Reached skill level 5 in Fighting
  1537 | Ossuary  | Reached XP level 5. HP: 38/48 MP: 4/4
  1718 | D:4      | Reached skill level 6 in Fighting
  1886 | D:4      | Found a shimmering altar of Xom.
  1898 | D:4      | Found a white marble altar of Elyvilon.
  1919 | D:4      | Noticed a phantom
  1936 | D:4      | Killed a phantom
  1937 | D:4      | Reached XP level 6. HP: 51/58 MP: 5/5
  2058 | D:4      | Found Furutaq's Weapon Shoppe.
  2067 | D:4      | Found Huxteneo's Antique Armour Emporium.
  2085 | D:4      | Found Yraiheut's Distillery.
  2096 | D:4      | Bought a potion of curing for 30 gold pieces
  2096 | D:4      | Bought a potion of haste for 100 gold pieces
  2096 | D:4      | Bought a potion of curing for 30 gold pieces
  2096 | D:4      | Bought a potion of might for 40 gold pieces
  2313 | D:4      | Found a sparkling altar of Nemelex Xobeh.
  2736 | D:3      | Noticed Terence
  2744 | D:3      | Killed Terence
  3363 | D:2      | Noticed Sigmund
  3373 | D:2      | Reached skill level 7 in Fighting
  3385 | D:2      | Killed Sigmund
  3386 | D:2      | Reached XP level 7. HP: 28/67 MP: 6/6
  3871 | D:2      | Found a runed translucent door.
  3872 | D:2      | Noticed Crazy Yiuf
  3907 | D:2      | Killed Crazy Yiuf
  4812 | D:5      | Entered Level 5 of the Dungeon
  4822 | D:4      | Reached skill level 8 in Fighting
  5148 | D:5      | Noticed Ijyb
  5156 | D:5      | Killed Ijyb
  5712 | D:5      | Reached skill level 9 in Fighting
  6049 | D:5      | Reached XP level 8. HP: 77/78 MP: 7/7
  6269 | D:6      | Found a staircase to the Ecumenical Temple.
  6488 | D:7      | Noticed a cyclops
  6522 | D:7      | Hit by a large rock thrown by a cyclops

Illustrated notes

Levels and vault maps discovered:
D:1:      shiori_arrival_whats_in_store_for_you, layout_loops_ring,
          chequers_ecumenical_altar_grove, serial_shops,
          nicolae_shop_advertising_works [nicolae_subvault_shop_adworks],
          nicolae_concentric_dashed_squares_mild
D:2:      layout_basic, uniq_crazy_yiuf_cottage, uniq_sigmund
D:3:      layout_basic, gammafunk_temple_overflow_statue, uniq_terence
D:4:      layout_cave_pools, mainiacjoe_overflow_24_doors,
          mainiacjoe_overflow_swirl, enter_ossuary_5, serial_shops, shop, shop,
          shop, minmay_fire_ice_demons
D:5:      layout_loops_corners, uniq_ijyb
D:6:      layout_cave_pools, minmay_temple_entry_statues_pillars
D:7:      layout_layer_cave, zin_scriptorium, nicolae_gozag_seed_capital,
          serial_shops, shop, nicolae_shop_tiny_real_fake_doors, uniq_menkaure

Skill      XL: |  1  2  3  4  5  6  7 |
---------------+----------------------+-----
Fighting       | 3 4 5 6 7 9 |  9.8
Ranged Weapons | 5 6 7 |  7.5
Dodging        | |  2.1
Stealth        | |  0.7

Action                     |  1- 3 |  4- 6 |  7- 9 || total
---------------------------+-------+-------+-------++-------
   Fire: Shortbow          |    58 |   263 |   121 ||   442
    Use: Scroll            |     3 |     7 |       ||    10
         Potion            |       |     4 |     4 ||     8
 Armour: Leather armour    |    15 |    48 |     8 ||    71
  Dodge: Dodged            |    34 |   110 |    38 ||   182
